 Dungeon Crawl Stone Soup version 0.29.1-2-gbd0b4ee654 (webtiles) character file.

Game seed: 5634216246476162387

51 qeuew the Shield-Bearer (level 3, 0/19 HPs)
             Began as a Vine Stalker Fighter on Nov 8, 2022.
             Slain by Sigmund
             ... wielding a +0 scythe
              (6 damage)
             ... on level 2 of the Dungeon.
             The game lasted 00:01:28 (1271 turns).

qeuew the Shield-Bearer (Vine Stalker Fighter)      Turns: 1271, Time: 00:01:29

Health: 0/19       AC:  6    Str: 18    XL:     3   Next: 83%
Magic:  0/5        EV:  9    Int:  8    God:
Gold:   67         SH:  5    Dex: 15    Spells: 4/4 levels left

rFire   . . .      SeeInvis .   a - +0 war axe
rCold   . . .      Faith    .   c - +0 buckler
rNeg    . . .      Spirit   +   b - +0 scale mail
rPois   .          Reflect  .   (no helmet)
rElec   .          Harm     .   (no cloak)
rCorr   .          Rampage  .   (no gloves)
Will    .....                   (no boots)
Stlth   ..........              (no amulet)
HPRegen 0.06/turn               (no ring)
MPRegen 0.09/turn               (no ring)

@: lethally poisoned (0 -> -5)
A: fangs 2, magic shield, antimagic bite, no potion heal 2
a: no special abilities


You were on level 2 of the Dungeon.
You visited 1 branch of the dungeon, and saw 2 of its levels.

You collected 67 gold pieces.

Inventory:

Hand Weapons
 a - a +0 war axe (weapon)
Armour
 b - a +0 scale mail (worn)
 c - a +0 buckler (worn)
Jewellery
 e - a ring of positive energy
Potions
 d - a potion of might
 f - a potion of curing


   Skills:
 + Level 2.9 Fighting
 + Level 2.1 Axes
 + Level 2.7 Armour
 + Level 1.0 Dodging
 + Level 3.1 Shields
 + Level 1.0 Spellcasting


You had 4 spell levels left.
You didn't know any spells.
Your spell library was empty.

Dungeon Overview and Level Annotations

Branches:
Dungeon (2/15)

Altars:

Annotations:
D:2 Sigmund


Innate Abilities, Weirdness & Mutations

You have extremely sharp teeth.
When hurt, damage is shared between your health and your magic reserves.
Your bite disrupts and absorbs the magic of your enemies.
Potions cannot restore your health.


Message History

Your Dodging skill increases to level 1!
f - a potion of curing A goblin and an adder come into view.
Found an escape hatch in the ceiling.
The goblin shouts!
A rat comes into view.
The goblin moves out of view.
The adder moves out of view.
There are monsters nearby!
A rat comes into view.
Found a book of Spatial Translocations.
Sigmund the Dreaded comes into view.
He is wielding a +0 scythe.
There are monsters nearby!
Found a helmet.
Sigmund shouts!
The goblin hits you with a +0 dagger. The adder bites you.
You are poisoned.
The adder poisons you!
There are monsters nearby!
You barely miss the adder. Your bite misses the adder. You miss the goblin.
You feel sick. The adder bites you. The goblin hits you with a +0 dagger.
You block the adder's attack.
Sigmund gestures wildly while chanting.
Sigmund flickers and vanishes!
Deactivating autopickup; reactivate with Ctrl-A.
The goblin hits you but does no damage. You block the rat's attack.
You slash the goblin!
You kill the goblin!
You barely miss the adder. You hit the rat but do no damage.
You feel sick. The adder barely misses you.
The rat bites you but does no damage. The adder barely misses you.
The rat attacks as you move away! The rat barely misses you.
You feel sick. The adder attacks as you move away! The adder barely misses you.
You feel sick.
You are no longer poisoned.
The adder closely misses you. The adder attacks as you move away!
The adder closely misses you. The rat attacks as you move away!
The rat closely misses you. The adder attacks as you move away!
The adder bites you.
You are poisoned.
The adder poisons you!
You feel sick. Something hits you!
You die...

.......#.:#
#..#.....###.# ###
#..#.......#.# ....
#..#.........#
##..#######...)........
.............#.......#
...#...#.##.r#.{....[#.#
#...........r#.......# .
#...#...##.#.S@<.##
..#...).#....##.#.##
....##.#.....##.#.#
.+.#.._..#...##.#.#
.......#.....##...#
......†)†....###..#
...........#.# #..#
.##....##..# # #..#
.#..(...##.#.# #.<#


You could see an adder and 2 rats.

Vanquished Creatures
  2 worms (D:2)
  2 dart slugs
  A ball python (D:2)
  6 bats
  4 endoplasms (D:1)
  2 giant cockroaches
  3 goblins
  3 hobgoblins
  3 jackals (D:1)
  2 quokkas (D:1)
  2 frilled lizards (D:1)
  4 kobolds
  4 rats (D:1)
38 creatures vanquished.

Notes
Turn   | Place    | Note
-------+----------+-------------------------------------------
     0 | D:1      | qeuew the Vine Stalker Fighter began the quest for the Orb.
     0 | D:1      | Reached XP level 1. HP: 11/11 MP: 2/2
   123 | D:1      | Reached XP level 2. HP: 12/16 MP: 3/3
   512 | D:1      | Reached skill level 3 in Shields
   548 | D:1      | Reached XP level 3. HP: 17/19 MP: 5/5
  1099 | D:2      | Found a faded altar of an unknown god.
  1118 | D:2      | Reached skill level 1 in Spellcasting
  1178 | D:2      | Reached skill level 1 in Dodging
  1262 | D:2      | Noticed Sigmund
  1271 | D:2      | Slain by Sigmund

Illustrated notes

Levels and vault maps discovered:
D:1:      onia_arrival_handbag, layout_loops_ring
D:2:      layout_loops_ring, hellmonk_ecumenical_altar_blasted,
          minmay_pentomino_r2, uniq_robin, uniq_sigmund, uniq_terence

Skill      XL: |  1  2  3 |
---------------+----------+-----
Shields        | 3 |  3.1
Axes           | 2 |  2.1
Spellcasting   | 1 |  1.0
Dodging        | 1 |  1.0
Fighting       | |  2.9
Armour         | |  2.7

Action                   || total
-------------------------++-------
Melee: War axe           ||    91
       Bite              ||    15
  Use: Scroll            ||     2
       Potion            ||     2
Armor: Scale mail        ||    81
Dodge: Dodged            ||    65
Block: Buckler           ||    40
